 Dungeon Crawl Stone Soup version 0.30-a0-1043-g60ff8d5f49 (webtiles) character file.

Game seed: 9594496889297694806

10604 avis the Skirmisher (level 11, -12/94 HPs)
             Began as a Demigod Ice Elementalist on Apr 9, 2023.
             Mangled by a boulder beetle (39 damage)
             ... on level 11 of the Dungeon on Apr 10, 2023.
             The game lasted 02:21:48 (15129 turns).

avis the Skirmisher (Demigod Ice Elementalist)     Turns: 15129, Time: 02:21:51

Health: -12/94     AC: 17    Str: 19    XL:     11   Next: 16%
Magic:  7/21       EV: 18    Int: 17    God:
Gold:   756        SH:  0    Dex: 22    Spells: 10/19 levels left

rFire   . . .      SeeInvis .    a - staff of cold
rCold   + + .      Faith    .    (no shield)
rNeg    . . .      Spirit   .    d - +0 robe
rPois   .          Reflect  .    t - +2 helmet "Hear" {+Blink rC+}
rElec   .          Rampage  .    m - +1 cloak
rCorr   .                        p - +1 pair of gloves
Will    +....                    I - +0 pair of boots
Stlth   ++                       H - amulet of the acrobat
HPRegen 0.35/turn                q - ring of flight
MPRegen 0.17/turn                o - +6 ring of strength

@: ice-armoured, flying, studying Axes
A: high MP 1, forlorn, divine attributes
a: Evoke Blink


You were on level 11 of the Dungeon.
You visited 2 branches of the dungeon, and saw 12 of its levels.
You also visited: Bailey.

You collected 865 gold pieces.
You spent 109 gold pieces at shops.

Inventory:

Hand Weapons
 b - a +0 shortbow
 f - a +0 heavy battleaxe
 w - the +8 trident of the Octopus King {venom, rElec rPois}
   (You found it on level 5 of the Dungeon)

   rElec:     It insulates you from electricity.
   rPois:     It protects you from poison.
Missiles
 B - 3 throwing nets
Armour
 d - a +0 robe (worn)
 m - a +1 cloak (worn)
 p - a +1 pair of gloves (worn)
 t - the +2 helmet "Hear" (worn) {+Blink rC+}
   (You found it in a bailey)

   rC:        It protects you from cold.
   +Blink:    It lets you blink.
 I - a +0 pair of boots (worn)
Magical Staves
 a - a staff of cold (weapon)
Jewellery
 o - a +6 ring of strength (right hand)
 q - a ring of flight (left hand)
 r - a ring of protection from cold
 v - a ring of positive energy
 H - an amulet of the acrobat (around neck)
Wands
 g - a wand of charming (11)
 x - a wand of flame (51)
Scrolls
 h - a scroll of enchant weapon {unknown}
 j - 4 scrolls of fear {unknown}
 k - 4 scrolls of teleportation
 l - a scroll of butterflies {unknown}
 u - a scroll of poison {unknown}
 A - 2 scrolls of torment {unknown}
 D - a scroll of immolation {unknown}
 R - a scroll of noise {unknown}
 T - 3 scrolls of fog {unknown}
Potions
 c - 2 potions of brilliance
 e - 2 potions of invisibility {unknown}
 i - 2 potions of magic
 s - a potion of flight {unknown}
 z - 6 potions of curing
 G - a potion of berserk rage {unknown}
 J - 4 potions of haste
 P - a potion of resistance {unknown}
 Q - 3 potions of lignification


   Skills:
 - Level 8.0 Fighting
 - Level 13.0 Ranged Weapons
 - Level 8.0 Dodging
 - Level 2.0 Stealth
 * Level 4.7 Spellcasting
 * Level 3.9 Transmutations
 + Level 5.8 Ice Magic


You had 10 spell levels left.
You knew the following spells:

 Your Spells              Type           Power      Damage    Failure   Level
a - Freeze                Ice            100%       1d10      1%          1
e - Wereblood             Tmut           17%        N/A       4%          2
o - Ozocubu's Armour      Ice            35%        N/A       4%          3
r - Frozen Ramparts       Ice            70%        1d11      4%          3

Your spell library contained the following spells:

 Spells                   Type           Power      Damage    Failure   Level
 Kiss of Death            Conj/Necr      16%        2d6       14%         1
 Poisonous Vapours        Pois/Air       8%         N/A       22%         2
 Sublimation of Blood     Necr           4%         N/A       22%         2
 Confusing Touch          Hex            4%         N/A       41%         3
 Mephitic Cloud           Conj/Pois/Air  4%         N/A       41%         3
 Portal Projectile        Hex/Tloc       8%         N/A       41%         3
 Tukima's Dance           Hex            4%         N/A       41%         3
 Volatile Blastmotes      Fire/Tloc      8%         2d10      41%         3
 Summon Ice Beast         Ice/Summ       20%        N/A       41%         4
 Blade Hands              Tmut           8%         N/A       61%         5
 Metabolic Englaciation   Hex/Ice        10%        N/A       77%         5
 Dispel Undead            Necr           4%         3d7       82%         4
 Fulminant Prism          Conj/Hex       2%         3d5       82%         4
 Iskenderun's Mystic Bla  Conj/Tloc      4%         2d3       82%         4
 Freezing Cloud           Conj/Ice/Air   7%         6-21      88%         5
 Iskenderun's Battlesphe  Conj           4%         2d6       99%         5
 Lee's Rapid Deconstruct  Erth           2%         3d4*      99%         5
 Conjure Ball Lightning   Conj/Air       2%         3x3d6     100%        6
 Iron Shot                Conj/Erth      2%         9d2       100%        6
 Simulacrum               Ice/Necr       10%        N/A       100%        6
 Spellforged Servitor     Conj/Summ      2%         N/A       100%        7
 Summon Hydra             Summ           2%         N/A       100%        7
 Discord                  Hex            2%         N/A       100%        8
 Disjunction              Tloc           2%         N/A       100%        8


Dungeon Overview and Level Annotations

Branches:
Dungeon (11/15)            Temple (1/1) D:7             Orc (0/2) D:9
 Bailey (visited)
   Lair: D:8-11

Shops:
D:1 *   D:7 *   D:8 =

Annotations:
D:4 2 runed translucent doors


Innate Abilities, Weirdness & Mutations

You have an increased reservoir of magic. (+10% MP)
You shall have no god before yourself.
Your divine heritage dramatically boosts your attributes as you level up.


Message History

Press: ? - help, Shift-Dir - straight line, f/p - boulder beetle
Aim: a boulder beetle (heavily wounded)
You feel a surge of power!
You freeze the boulder beetle.
The boulder beetle is severely wounded.
The wall freezes the boulder beetle but does no damage.
The boulder beetle bites you.
* * * LOW HITPOINT WARNING * * *
Casting: Freeze (safe; 1% risk of failure)
Confirm with . or Enter, or press ? or * to list all spells.
Aiming: Freeze (safe; 1% risk of failure)
Press: ? - help, Shift-Dir - straight line, f/p - boulder beetle
Aim: a boulder beetle (severely wounded)
You feel a surge of power!
You freeze the boulder beetle.
The boulder beetle is severely wounded.
The wall freezes the boulder beetle but does no damage.
The boulder beetle leaps!
Aiming: Throw Flame
Press: ? - help, Shift-Dir - straight line, f/p - boulder beetle
Aim: a boulder beetle (severely wounded, 100% to hit)
The puff of flame hits the boulder beetle.
The boulder beetle is severely wounded.
The boulder beetle curls into a ball and begins rolling!
Aiming: Throw Flame
Press: ? - help, Shift-Dir - straight line, f/p - boulder beetle
Aim: a boulder beetle (severely wounded, rolling, 100% to hit)
The puff of flame hits the boulder beetle but does no damage.
The boulder beetle is severely wounded.
Unknown command.
Aiming: Throw Flame
Press: ? - help, Shift-Dir - straight line, f/p - boulder beetle
Aim: a boulder beetle (severely wounded, rolling, 100% to hit)
The puff of flame hits the boulder beetle.
The boulder beetle is almost dead.
Aiming: Throw Flame
Press: ? - help, Shift-Dir - straight line, f/p - boulder beetle
Aim: a boulder beetle (almost dead, rolling, 100% to hit)
The puff of flame hits the boulder beetle.
The boulder beetle is almost dead.
The frozen ramparts melt away.
The boulder beetle hits you!!!
You die...

...#.#.# ...#.#.# ..# #
##.#...#.### ##..#!#
##.#.......... ....#. #
.............. ..... .
...##..♣...#.# #...#.###
#####....#.#.# #..○#....
##..##.#.# #.B.°°...
######.###.#.# #@#.#.#
....##.# #.#.###.....#
....##.# #.........###
.......###...###.#......
....#..#.#...###.#.#.##.
##
....#..#.........###.#
.# ...##..#.##.###### #
####.# #........#..#
#<.#.#
#..........#####...
##)#.#


You could see a boulder beetle (rolling).

Vanquished Creatures
  2 two-headed ogres
  An orc knight (Bailey)
  A necromancer (D:10)
  2 cyclopes (D:11)
  Prince Ribbit (D:8)
  2 hornets
  The ghost of Nabski the Firebug, an amateur TeFE of Elyvilon (D:4)
  2 shadows
  3 yaks (D:10)
  A wyvern (D:8)
  Grum (D:9)
  An acid dragon (D:10)
  4 water moccasins
  2 sky beasts
  12 orc warriors
  4 wolves (D:9)
  An ice beast (D:8)
  2 ogres
  3 centaurs
  3 kobold brigands
  3 bullfrogs
  7 scorpions
  A wight (D:4)
  10 killer bees
  6 howler monkeys
  5 jellies
  A quasit (D:7)
  5 gnoll boudas
  7 hounds
  3 orc priests
  Ijyb (D:4)
  A sleepcap (D:4)
  3 iguanas
  16 orc wizards
  4 polar bear simulacra (D:10)
  A yak simulacrum (D:10)
  2 wolf simulacra (D:10)
  34 gnolls
  3 adders
  A shadow imp (D:7)
  A white imp (D:6)
  2 ufetubi (D:4)
  A worm (D:2)
  3 dart slugs
  43 orcs
  3 bats (D:1)
  7 endoplasms
  7 giant cockroaches
  10 goblins
  8 hobgoblins
  4 quokkas
  6 ball pythons
  4 frilled lizards
  A goblin skeleton (D:7)
  A goblin zombie (D:7)
  A hobgoblin zombie (D:7)
  47 kobolds
  2 kobold zombies (D:7)
  2 orc skeletons (D:7)
  An orc zombie (D:7)
  21 rats
  4 river rat simulacra (D:10)
342 creatures vanquished.

Vanquished Creatures (others)
  12 plants
12 creatures vanquished.

Grand Total: 354 creatures vanquished

Notes
Turn   | Place    | Note
-------+----------+-------------------------------------------
     0 | D:1      | avis the Demigod Ice Elementalist began the quest for the
                  | Orb.
     0 | D:1      | Reached XP level 1. HP: 14/14 MP: 5/5
   281 | D:1      | Reached skill level 1 in Fighting
   504 | D:1      | Reached XP level 2. HP: 23/23 MP: 4/7
   924 | D:1      | Found Asen Yto's General Store.
  1372 | D:2      | Identified the +1 short sword of the Rotten God {heavy,
                  | Dex+5}
  1455 | D:2      | Reached XP level 3. HP: 28/28 MP: 8/8
  1500 | D:2      | Learned a level 3 spell: Frozen Ramparts
  1557 | D:2      | Reached skill level 2 in Ranged Weapons
  1999 | D:3      | Reached XP level 4. HP: 35/35 MP: 10/10
  2003 | D:3      | Learned a level 3 spell: Ozocubu's Armour
  2872 | D:4      | Reached skill level 3 in Ranged Weapons
  3013 | D:4      | Found a transporter.
  3030 | D:4      | Noticed Nabski's ghost (amateur TeFE)
  3193 | D:4      | Found a transporter.
  3279 | D:4      | Reached skill level 4 in Ranged Weapons
  3401 | D:4      | Reached XP level 5. HP: 40/40 MP: 12/12
  3420 | D:4      | Noticed Ijyb
  3433 | D:4      | Killed Ijyb
  3509 | D:4      | Found a large runed translucent door.
  3509 | D:4      | Found a large runed translucent door.
  3512 | D:4      | Found a large runed translucent door.
  3512 | D:4      | Found a large runed translucent door.
  3539 | D:4      | Reached skill level 5 in Ice Magic
  3563 | D:4      | Noticed a sky beast
  3568 | D:4      | Reached XP level 6. HP: 36/48 MP: 13/13
  3965 | D:4      | Reached skill level 5 in Ranged Weapons
  3987 | D:4      | Reached XP level 7. HP: 42/57 MP: 14/14
  4243 | D:4      | Reached skill level 6 in Ranged Weapons
  4472 | D:4      | Identified the staff of conjuration "Ymukhu" {Drain rPois
                  | rF+++}
  4900 | D:4      | Upgraded the game from 0.30-a0-1035-g38d5fb2972 to
                  | 0.30-a0-1043-g60ff8d5f49
  4991 | D:4      | Killed Nabski's ghost
  5222 | D:5      | Entered Level 5 of the Dungeon
  5292 | D:5      | Reached skill level 7 in Ranged Weapons
  5388 | D:4      | Reached XP level 8. HP: 66/66 MP: 15/15
  5475 | D:5      | Reached skill level 8 in Ranged Weapons
  5753 | D:5      | Found the +8 trident of the Octopus King {venom, rElec
                  | rPois}
  6020 | D:5      | Identified the +2 helmet of the Untouchables {Int+2 Slay+3}
  6210 | D:5      | Reached skill level 5 in Fighting
  6210 | D:5      | Reached skill level 5 in Dodging
  6621 | D:6      | Reached skill level 9 in Ranged Weapons
  7161 | D:6      | Reached skill level 10 in Ranged Weapons
  7525 | D:6      | Reached XP level 9. HP: 29/74 MP: 10/16
  8292 | D:7      | Found a staircase to the Ecumenical Temple.
  8543 | D:7      | Found Goirenya's Assorted Antiques.
  8550 | D:7      | Reached skill level 11 in Ranged Weapons
  8553 | D:7      | Bought 3 scrolls labelled NOL BICWUMEIPE for 84 gold pieces
  8553 | D:7      | Bought a smoky blue potion for 25 gold pieces
  8925 | D:7      | Reached skill level 12 in Ranged Weapons
  9262 | Temple   | Entered the Ecumenical Temple
  9568 | D:8      | Noticed Prince Ribbit
  9575 | D:8      | Killed Prince Ribbit
  9800 | D:8      | Found Tiddat Ket's Jewellery Emporium.
 10175 | D:8      | Learned a level 2 spell: Wereblood
 10297 | D:8      | Reached XP level 10. HP: 82/86 MP: 16/17
 10823 | D:9      | Noticed Grum
 10845 | D:9      | Killed Grum
 10931 | D:9      | Found a flagged portal.
 10936 | Bailey   | Entered a bailey
 11388 | Bailey   | Noticed an orc knight
 11546 | Bailey   | Killed an orc knight
 11667 | Bailey   | Identified the +2 helmet "Hear" {+Blink rC+}
 11842 | D:9      | Noticed a two-headed ogre
 11858 | D:9      | Killed a two-headed ogre
 12401 | D:9      | Reached skill level 13 in Ranged Weapons
 12433 | D:9      | Found a staircase to the Orcish Mines.
 12507 | D:9      | Reached skill level 1 in Transmutations
 12792 | D:10     | Entered Level 10 of the Dungeon
 13393 | D:10     | Noticed a necromancer
 13401 | D:10     | Killed a necromancer
 14716 | D:11     | Noticed a two-headed ogre
 14724 | D:11     | Reached XP level 11. HP: 94/94 MP: 14/20
 14731 | D:11     | Killed a two-headed ogre
 15091 | D:11     | Noticed a boulder beetle
 15129 | D:11     | Mangled by a boulder beetle

Illustrated notes

Levels and vault maps discovered:
D:1:      ebering_trefoil_twist, layout_basic, serial_shops,
          nicolae_shop_window_shopping, shapermc_ecumenical_altar_venn,
          minmay_misc_feat_hallway, serial_bayou_pond_b, minmay_misc_feat_plants
D:2:      layout_basic, grunt_decor_one_mirror
D:3:      layout_loops_ring, nicolae_sif_muna_condensation, doesnt_xom_only_xom,
          nicolae_wu_jian_wuxing_cycle, minmay_rat_hole
D:4:      minmay_goblin_kobold_castle, layout_loops_ring,
          grunt_dithmenos_smoke_and_mirrors, gammafunk_ghost_gnarly_gnolls,
          minmay_hollow_rounded_squares, uniq_ijyb
D:5:      layout_loops_ring, nicolae_hepliaklqana_ecumenical_no_more,
          kennysheep_slug_shrine, kennysheep_generic_room_11
D:6:      layout_cave_pods, nemelex_dance_club_becter,
          nicolae_overflow_crystal_walls
D:7:      layout_rooms, nicolae_tso_besieged_by_evil, minmay_temple_entry_glass,
          serial_shops, kennysheep_little_box, roderic_roman_lattice
D:8:      kennysheep_spiral_hall, layout_loops_ring,
          mainiacjoe_overflow_alcove_4, grunt_qazlal_sundering, serial_shops,
          nicolae_shop_crystal, uniq_prince_ribbit1
D:9:      layout_loops_cross, lemuel_tele_altar, orc_0_dummy, enter_bailey_3,
          chequers_jeans, uniq_grum
D:10:     layout_loops_corners, lemuel_round_altar, grunt_gozag_statues,
          mainiacjoe_overflow_concentric_impassable, eino_house_with_fridge
D:11:     cheibrodos_histonic, layout_basic, dpeg_oklobed_lair,
          eino_small_chamber_without_monster, chequers_mini_garden,
          uniq_josephine
Temple:   nicolae_temple_bog_church

Skill      XL: |  1  2  3  4  5  6  7  8  9 10 |
---------------+-------------------------------+-----
Fighting       | 1 2 3 4 5 7 8 |  8.0
Dodging        | 2 3 4 5 7 8 |  8.0
Stealth        | 2 |  2.0
Spellcasting   | 2 3 4 |  4.7
Ice Magic      | 4 5 |  5.8
Ranged Weapons | 2 4 5 7 10 12 13 | 13.0
Transmutations | 3 |  3.9

Action                     |  1- 3 |  4- 6 |  7- 9 | 10-12 || total
---------------------------+-------+-------+-------+-------++-------
  Melee: Short sword       |     5 |    25 |    27 |       ||    57
         Punch             |       |     1 |       |       ||     1
         Staff             |       |       |    33 |       ||    33
         Trident           |       |       |    12 |       ||    12
   Fire: Sling             |    46 |   103 |   264 |       ||   413
         Shortbow          |       |       |   118 |   298 ||   416
   Cast: Freeze            |    32 |    17 |     6 |     4 ||    59
         Frozen Ramparts   |     1 |    16 |    80 |    39 ||   136
         Ozocubu's Armour  |       |     2 |    46 |    44 ||    92
  Evoke: Wand              |       |       |     2 |    32 ||    34
    Use: Scroll            |       |       |     7 |     4 ||    11
         Potion            |       |       |     1 |     2 ||     3
   Stab: Sleeping          |     2 |     3 |       |       ||     5
 Armour: Robe              |     3 |    13 |    86 |    61 ||   163
  Dodge: Dodged            |    23 |    29 |   213 |   150 ||   415

Table legend: (Time is in decaauts)
 A = Elapsed time spent in this place.
 B = Non-inter-level travel time spent in this place.
 C = Inter-level travel time spent in this place.
 D = Time resting spent in this place.
 E = Time spent auto-exploring this place.
 F = Levels seen in this place.
 G = Mean time per level.
                   A        B        C        D        E       F      G
               +--------+--------+--------+--------+--------+-----+--------+
         Total |  15096 |  13447 |   1649 |   3662 |   6055 |  13 | 1161.2 |
       Dungeon |  14189 |  12543 |   1646 |   3262 |   6042 |  11 | 1289.9 |
        Temple |     54 |     51 |      3 |      0 |      0 |   1 |   54.0 |
        Bailey |    851 |    851 |      0 |    400 |     13 |   1 |  851.0 |
               +--------+--------+--------+--------+--------+-----+--------+

Top non-repeatable levels by time:
     D:4: 2552 daAuts
    D:10: 1753 daAuts
     D:6: 1531 daAuts
     D:8: 1475 daAuts
     D:7: 1289 daAuts
     D:1: 1278 daAuts
     D:5: 1257 daAuts
     D:9: 1157 daAuts
     D:3: 946 daAuts
  Bailey: 851 daAuts
     D:2: 680 daAuts
    D:11: 266 daAuts
  Temple: 54 daAuts
